 Dungeon Crawl Stone Soup version 0.31-a0-180-g519b7de00c (webtiles) character file.

Game seed: 4157059867550152191

60 qw the Chopper (level 4, 0/28 HPs)
             Began as a Gargoyle Fighter on June 20, 2023.
             Slain by a rat (1 damage)
             ... on level 2 of the Dungeon.
             The game lasted 00:00:35 (1125 turns).

qw the Chopper (Gargoyle Fighter)                   Turns: 1125, Time: 00:00:36

Health: 0/28       AC: 15    Str: 22    XL:     4   Next: 4%
Magic:  4/4        EV:  6    Int:  8    God:
Gold:   63         SH:  4    Dex:  9    Spells: 3/3 levels left

rFire   . . .        Y - +0 war axe
rCold   . . .        c - +0 buckler
rNeg    + . .        i - +0 plate armour
rPois   inf          (no helmet)
rElec   +            (no cloak)
rCorr   .            (no gloves)
SInv    .            (no boots)
Will    .....        (no amulet) Stlth
                     (no ring)
HPRegen 0.24/turn    (no ring)
MPRegen 0.09/turn

%: no passive effects
@: no status effects
A: sickness immunity, AC +3, negative energy resistance 1, electricity
resistance, torment resistance 1, petrification resistance
a: no special abilities


You were on level 2 of the Dungeon.
You visited 1 branch of the dungeon, and saw 2 of its levels.

You collected 63 gold pieces.


Innate Abilities, Weirdness & Mutations

You are immune to sickness and miasma.
Your stone body is resilient. (AC +3)
You are immune to poison.
You resist negative energy. (rN+)
You are resistant to electric shocks. (rElec)
You are resistant to unholy torment.
You are immune to petrification.


   Skills:
 - Level 3.2 Fighting
 + Level 3.8 Axes
 - Level 3.2 Armour
 - Level 3.2 Shields


You had 3 spell levels left.
You didn't know any spells.
Your spell library was empty.

Inventory:

Hand Weapons
 g - a +0 club
 Y - a +0 war axe (weapon)
Armour
 c - a +0 buckler (worn)
 i - a +0 plate armour (worn)
Scrolls
 a - a scroll of noise {unknown}
 b - a scroll of enchant weapon {unknown}
 e - a scroll of poison {unknown}
 f - a scroll of identify
Potions
 d - a potion of might

Dungeon Overview and Level Annotations

Branches:
Dungeon (2/15)

Altars:

Annotations:
D:2 Robin


Message History

The goblin is severely wounded.
You closely miss Robin. You slash the goblin!
You kill the goblin!
You hit the goblin.
You kill the goblin!
Robin throws the goblin at you!
The goblin hits you but does no damage. x2
You have reached level 4!
You feel stronger.
You barely miss the goblin.
The goblin is severely wounded.
You slash Robin! You closely miss the goblin. You block the goblin's attack.
Robin throws the goblin at you! The goblin hits you but does no damage.
The goblin hits you with a +0 dagger of speed.
You hit the goblin but do no damage.
The goblin is severely wounded.
You closely miss the goblin. You hit the endoplasm.
You hit Robin but do no damage. You closely miss the goblin.
The goblin hits you but does no damage. The endoplasm freezes you.
You are frozen.
You block the goblin's attack. The goblin hits you but does no damage.
The goblin hits you with a +0 dagger of speed.
The goblin hits you but does no damage. The endoplasm completely misses you.
Robin hits you but does no damage.
The goblin hits you but does no damage. x2
You slash the goblin!
You kill the goblin!
You hit the endoplasm. You hit Robin. You closely miss the goblin.
You hit the goblin.
You kill the goblin!
You block the goblin's attack. The endoplasm freezes you.
You are frozen.
Robin hits you but does no damage.
You hit the endoplasm but do no damage.
The endoplasm is almost dead.
You barely miss Robin. You closely miss the goblin. You barely miss the rat.
The goblin hits you but does no damage. The rat completely misses you.
The endoplasm freezes you.
You are frozen.
You block Robin's attack. The goblin barely misses you. The rat bites you.
You die...

...........###
.............##
###.......##%.######
#.<.....###......#
#.......# #......#
######### #......#
#......# #...g).#
####@### #.ggrJ...#
#.ggg###..# #....#
.. #....# #(...#
#....# ######


You could see Robin, an endoplasm, 2 hobgoblins, 3 goblins and a rat.

Vanquished Creatures
  An adder (D:2)
  3 dart slugs
  2 ball pythons (D:1)
  2 bats
  3 endoplasms
  2 giant cockroaches (D:1)
  9 goblins
  5 hobgoblins
  2 jackals (D:2)
  2 kobolds
  3 quokkas (D:1)
  A frilled lizard (D:1)
  4 rats (D:1)
39 creatures vanquished.

Notes
Turn   | Place    | Note
-------+----------+-------------------------------------------
     0 | D:1      | qw the Gargoyle Fighter began the quest for the Orb.
     0 | D:1      | Reached XP level 1. HP: 14/14 MP: 1/1
     0 | D:1      | 0 ||| qw: Version: 0.3-a-7-ge0c9b40
     0 | D:1      | 0 ||| qw: Game counter: 1117
     0 | D:1      | 0 ||| qw: Always use a shield: true
     0 | D:1      | 0 ||| qw: God list: Okawaru
     0 | D:1      | 0 ||| qw: Allow faded altars: false
     0 | D:1      | 0 ||| qw: Do Orc after D:15 true
     0 | D:1      | 0 ||| qw: Do second Lair branch before Depths: true
     0 | D:1      | 0 ||| qw: Lair rune preference: random
     0 | D:1      | 0 ||| qw: Plans: Normal, Zot:1-4, Slime:5, God:TSO, Crypt,
                  | Tomb, Abyss, Pan, Hells, Win
     0 | D:1      | 0 ||| PLANNING D:1-11
   180 | D:1      | Reached XP level 2. HP: 11/19 MP: 2/2
   285 | D:1      | 285 ||| Stepping ~*~*~tactically~*~*~ (hiding).
   418 | D:1      | Reached skill level 3 in Axes
   492 | D:1      | Found a faded altar of an unknown god.
   568 | D:1      | Reached XP level 3. HP: 23/23 MP: 3/3
   638 | D:1      | 638 ||| Stepping ~*~*~tactically~*~*~ (stealth).
   639 | D:1      | 639 ||| Stepping ~*~*~tactically~*~*~ (stealth).
   661 | D:1      | 661 ||| DROPPING +6 ring of intelligence.
   833 | D:1      | 833 ||| UPGRADING to +0 plate armour.
   843 | D:1      | 843 ||| DROPPING +0 scale mail.
   844 | D:1      | 844 ||| READING scroll labelled YLOCONOY DATUH.
   845 | D:1      | 845 ||| READING 2 scrolls labelled HAEGREOTEX.
   846 | D:1      | 846 ||| READING scroll labelled SIETEALAKI.
   847 | D:1      | 847 ||| READING scroll labelled QUBRAR WISS.
   860 | D:2      | 860 ||| Stepping ~*~*~tactically~*~*~ (hiding).
   950 | D:2      | 950 ||| Stepping ~*~*~tactically~*~*~ (hiding).
   951 | D:2      | 951 ||| Stepping ~*~*~tactically~*~*~ (hiding).
   954 | D:2      | 954 ||| Stepping ~*~*~tactically~*~*~ (hiding).
   996 | D:2      | 996 ||| Stepping ~*~*~tactically~*~*~ (stealth).
  1069 | D:2      | 1069 ||| Stepping ~*~*~tactically~*~*~ (hiding).
  1117 | D:2      | Noticed Robin
  1122 | D:2      | Reached XP level 4. HP: 14/28 MP: 4/4
  1123 | D:2      | HP: 6/28 [goblin/+0 dagger of speed[Robin] (4)]
  1125 | D:2      | HP: 1/28 [frozen (4)]
  1125 | D:2      | Slain by a rat

Levels and vault maps discovered:
D:1:      dpeg_arrival_boxorama, layout_loops_ring,
          chequers_ecumenical_altar_lobes, kennysheep_decorative_pillar,
          minmay_misc_feat_encased, chequers_serial_rivers_small_a,
          minmay_ruptured
D:2:      layout_basic, serial_shops, shop, uniq_robin

Skill      XL: |  1  2 |
---------------+-------+-----
Axes           | 2 3 |  3.8
Fighting       | |  3.2
Armour         | |  3.2
Shields        | |  3.2

Action                     |  1- 3 |  4- 6 || total
---------------------------+-------+-------++-------
  Melee: War axe           |    86 |     4 ||    90
    Use: Scroll            |     4 |       ||     4
 Armour: Scale mail        |    18 |       ||    18
         Plate armour      |    26 |    10 ||    36
  Dodge: Dodged            |    29 |     3 ||    32
  Block: Buckler           |    17 |     4 ||    21

Table legend:
 A = Non-vault XP
 B = Vault XP
 C = Vault XP percentage of total XP
 D = Non-vault monster count
 E = Vault monster count
 F = Vault count percentage of total count
                 A         B        C        D         E       F
            +---------+---------+-------+---------+---------+-------
      Total |      67 |      19 |  22.1 |      30 |       9 |  23.1
            +---------+---------+-------+---------+---------+-------
        D:1 |      36 |      10 |  21.7 |      20 |       4 |  16.7
        D:2 |      31 |       9 |  22.5 |      10 |       5 |  33.3
            +---------+---------+-------+---------+---------+-------
